 Dungeon Sprint DCSS version 0.19.4-10-g532645f (webtiles) character file.

236 equalderp2856 the Gouger (level 5, -16/29 HPs)
             Began as a Felid Fighter on Feb 25, 2017.
             Was an Initiate of Gozag.
             Shot with a bolt by a yaktaur (21 damage)
             ... in the Dungeon (Sprint II: "The Violet Keep of Menkaure").
             The game lasted 00:02:28 (558 turns).

equalderp2856 the Gouger (Felid Fighter)             Turns: 558, Time: 00:02:28

Health: -16/29     AC:  2    Str: 13    XL:     5   Next: 77%
Magic:  6/6        EV: 26    Int: 10    God:    Gozag
Gold:   486        SH:  0    Dex: 16    Spells: 0 memorised, 4 levels left
                                        Lives:  0   Deaths: 2

rFire  . . .     SeeInvis +       - Unarmed
rCold  . . .     Gourm    .     (armour unavailable)
rNeg   . . .     Faith    .     (shield unavailable)
rPois  .         Spirit   .     (helmet unavailable)
rElec  .         Reflect  .     (cloak unavailable)
rCorr  .         Harm     .     (gloves unavailable)
MR     .....     NoTele   +     (boots unavailable)
Stlth  +++.......               (no amulet)
                                (no ring)
                                (no ring)

@: quick
A: no armour, no weapons or thrown items, stealth, claws 1, fangs 3, see
invisible, carnivore 3, speed 1, shaggy fur 2, slow metabolism 1, sharp paws
a: Potion Petition, Call Merchant, Bribe Branch, Renounce Religion


You were in the Dungeon.
You worshipped Gozag.
Gozag was aware of your devotion.
You were not hungry.

You visited 1 branch You collected 486 gold pieces.

Inventory:

Scrolls
 h - a scroll of blinking
Potions
 a - a potion of might
 c - a potion of curing
 e - a potion of haste
 f - 2 potions of magic
 g - a potion of berserk rage
Comestibles
 b - a meat ration


   Skills:
 + Level 8.1 Fighting
 + Level 10.5 Dodging
 + Level 2.6 Stealth
 + Level 13.4 Unarmed Combat


You had 4 spell levels left.
You didn't know any spells.

Dungeon Overview and Level Annotations

Branches:
Dungeon (1/1)

Altars:
Cheibriados
Dithmenos
Elyvilon
Fedhas
Gozag
Hepliaklqana
Kikubaaqudgha
Makhleb
Nemelex Xobeh
Okawaru
Qazlal
Ru
Sif Muna
Trog
Uskayaw
Vehumet
Xom
Yredelemnul
Zin
The Shining One
Beogh
Jiyva
Lugonu

Shops:
D *:%[?!![:(=}([=[

Annotations:
D exclusion: oklob plant, Roxanne


Innate Abilities, Weirdness & Mutations

You cannot wear armour.
You are incapable of wielding weapons or throwing items.
Your paws allow you to move quietly. (Stealth)
You have sharp claws.
You have razor-sharp teeth.
You have supernaturally acute eyesight. (SInv)
You are carnivorous and can eat meat at any time.
You cover ground quickly.
You are covered in thick fur. (AC +2)
You have a slow metabolism.
Your sharp claws are effective at attacking unaware monsters.


Message History

You are now level 5!
You rejoin the land of the living...
The polar bear growls angrily.
You claw the polar bear! Your bite misses the polar bear.
The polar bear is lightly wounded.
The polar bear completely misses you. x2; The polar bear misses you.
You claw the polar bear!
The polar bear is moderately wounded.
The polar bear barely misses you. The polar bear misses you.
The polar bear claws you.
You closely miss the polar bear.
The polar bear is moderately wounded.
The polar bear bites you!
Ouch! That really hurt!
The polar bear completely misses you. The polar bear claws you.
* * * LOW HITPOINT WARNING * * *
The yaktaur shoots a bolt.
The bolt hits you!!
Ouch! That really hurt!
You die...
Your body crumbles into a pile of gold.

$ $ $ $ $ ####+#### $$
##≈;≈≈§≈≈## $ $
##≈;≈≈≈≈;;≈## $ $
+≈≈;§§;;§≈≈≈#
###§;§;§§≈≈§ $ #≈## §§§;≈
#########≈≈#+++#+++##
########≈≈≈.....@...#
∩.∩....#≈≈≈≈.##'##..# $
.∩.∩...#≈≈≈≈##.#.##.####$
.###
..∩.∩..#≈≈≈≈#..#..#....#
$ ...#
...∩.⌠.#≈≈####...####c.##
#..# . ..∩.∩..#≈##
##÷###.##..# $+..# .
.∩.∩...#≈# ##.##..c#..#$
#..# . ∩.∩....'≈+
$+.<.$.#)'..####..##.
.∩.....#≈#
##.##.(.#§...###...#


You could see a yaktaur and 6 electric eels.

Vanquished Creatures
  A siren (D)
  A hornet (D)
  4 necrophages (D)
  A crocodile (D)
7 creatures vanquished.

Vanquished Creatures (others)
  Menkaure (D)
  A crocodile (D)
2 creatures vanquished.

Grand Total: 9 creatures vanquished

Notes
Turn   | Place    | Note
-------+----------+-------------------------------------------
     0 | D        | equalderp2856 the Felid Fighter began the quest for the Orb.
     0 | D        | Reached XP level 1. HP: 10/10 MP: 2/2
     1 | D        | Noticed a necrophage
     1 | D        | Noticed a necrophage
     1 | D        | Noticed a necrophage
     1 | D        | Noticed a necrophage
     6 | D        | Killed a crocodile
    14 | D        | Killed a necrophage
    14 | D        | Reached skill level 7 in Unarmed Combat
    14 | D        | Reached XP level 2. HP: 15/15 MP: 3/3
    14 | D        | Reached XP level 3. HP: 19/19 MP: 4/4
    14 | D        | Reached XP level 4. HP: 22/22 MP: 5/5
    21 | D        | Killed a necrophage
    21 | D        | Reached skill level 5 in Fighting
    21 | D        | Reached skill level 9 in Unarmed Combat
    21 | D        | Reached XP level 5. HP: 15/26 MP: 6/6
    28 | D        | Killed a necrophage
    28 | D        | Reached skill level 10 in Unarmed Combat
    32 | D        | Killed a necrophage
    32 | D        | Reached skill level 11 in Unarmed Combat
    32 | D        | Gained mutation: You are covered in thick fur. (AC +2) [Felid growth]
    32 | D        | Reached XP level 6. HP: 17/30 MP: 7/7
    46 | D        | Killed Menkaure
   361 | D        | Reached skill level 1 in Stealth
   363 | D        | Found Dueh's Jewellery Shoppe.
   363 | D        | Found Davelose's Armour Emporium.
   365 | D        | Found Cahim's Weapon Shoppe.
   365 | D        | Found Kaycvuh's Gadget Emporium.
   365 | D        | Found Ufootaov's Antique Armour Emporium.
   366 | D        | Found Fepeas's Antique Weapon Shoppe.
   366 | D        | Found Cituwadgh's Book Emporium.
   366 | D        | Found Qageroys's Jewellery Emporium.
   366 | D        | Found Ufoll's Antique Armour Shoppe.
   367 | D        | Found Norchas's Distillery.
   367 | D        | Found Efogirr's Distillery.
   367 | D        | Found Kaosu's Magic Scroll Shoppe.
   371 | D        | Found Jyng's Antique Armour Shoppe.
   371 | D        | Found Xocoim's Food Emporium.
   371 | D        | Noticed a fire dragon
   371 | D        | Noticed an oklob plant
   372 | D        | Found Jafio's Assorted Antiques.
   372 | D        | Found Lofena's Book Shoppe.
   373 | D        | Noticed a manticore
   374 | D        | Noticed a manticore
   374 | D        | Noticed a manticore
   376 | D        | Noticed an iron elemental
   411 | D        | Noticed Roxanne
   430 | D        | Noticed a siren
   438 | D        | Killed a siren
   438 | D        | Reached skill level 10 in Dodging
   438 | D        | Reached skill level 12 in Unarmed Combat
   438 | D        | Reached XP level 7. HP: 35/35 MP: 8/8
   453 | D        | Found a snail-covered altar of Cheibriados.
   454 | D        | Found a shadowy altar of Dithmenos.
   454 | D        | Found a roughly hewn altar of Beogh.
   454 | D        | Found a viscous altar of Jiyva.
   455 | D        | Found a white marble altar of Elyvilon.
   455 | D        | Found an ancient bone altar of Kikubaaqudgha.
   456 | D        | Found a blossoming altar of Fedhas.
   456 | D        | Found a corrupted altar of Lugonu.
   456 | D        | Found a deep blue altar of Sif Muna.
   457 | D        | Found an opulent altar of Gozag.
   457 | D        | Found a burning altar of Makhleb.
   457 | D        | Found a bloodstained altar of Trog.
   458 | D        | Found a sparkling altar of Nemelex Xobeh.
   458 | D        | Found a hide-covered altar of Uskayaw.
   459 | D        | Found a glowing silver altar of Zin.
   460 | D        | Found an iron altar of Okawaru.
   460 | D        | Found a radiant altar of Vehumet.
   460 | D        | Found a glowing golden altar of the Shining One.
   460 | D        | Found a hazy altar of Hepliaklqana.
   460 | D        | Found a sacrificial altar of Ru.
   460 | D        | Found a basalt altar of Yredelemnul.
   460 | D        | Noticed a hornet
   460 | D        | Noticed a polar bear
   461 | D        | Noticed a polar bear
   461 | D        | Noticed a polar bear
   461 | D        | Found a stormy altar of Qazlal.
   461 | D        | Found a shimmering altar of Xom.
   461 | D        | Noticed a yaktaur
   477 | D        | Became a worshipper of Gozag Ym Sagoz the Greedy
   496 | D        | Killed a hornet
   496 | D        | Reached skill level 13 in Unarmed Combat
   497 | D        | Shot with a bolt by a yaktaur
   498 | D        | Reached XP level 6. HP: -4/32 MP: 7/7
   541 | D        | Shot with a bolt by a yaktaur
   542 | D        | Reached XP level 5. HP: -9/29 MP: 6/6
   558 | D        | Shot with a bolt by a yaktaur

Skill      XL: |  1  2  3  4  5  6  7 |
---------------+----------------------+-----
Fighting       | 4 5 6 7 8 |  8.1
Dodging        | 6 7 8 10 | 10.5
Unarmed Combat | 7 9 11 12 13 | 13.4
Stealth        | 2 |  2.6

Action                   |  1- 3 |  4- 6 |  7- 9 || total
-------------------------+-------+-------+-------++-------
Melee: Unarmed           |     9 |    28 |    14 ||    51
       Bite              |     2 |     5 |     2 ||     9
       Punch             |       |     1 |     1 ||     2
  Use: Potion            |     1 |       |       ||     1
 Stab: Sleeping          |       |     1 |       ||     1
Armor: Skin              |       |     1 |     1 ||     2
Dodge: Dodged            |     7 |    59 |    13 ||    79
